AoeStats
← Creative Curl

Arabia

510654563Analyzed
1v1 RM · 22h ago on Oct 2, 2026· 37m 13s· 2 players
Game mode
Random Map
Map size
Tiny (2 player)
Population
200
Speed
Normal
Resources
Standard
Victory
Conquest
Starting age
Dark Age
Ending age
Imperial Age
RankedLock teamsTeams togetherTeam positionsShared explorationLock speedFull tech treeHidden civsTurbo modeCheats
Victory
Defeat
🇵🇪 Bulgarians · Peru
996
+15
🇺🇾 Gurjaras · Uruguay
975
-15
Creative Curl
6:05 Loom
9:17 Feudal Age
10:07 Horse Collar
10:18 Double-Bit Axe
21:20 Castle Age
21:38 Fletching
25:31 Forging
25:23 Scale Mail Armor
29:24 Husbandry
30:31 Gold Mining
33:23 Bloodlines
34:41 Iron Casting
Nanver01
4:32 Loom
5:43 Loom
10:49 Feudal Age
18:32 Castle Age
17:20 Forging
18:12 Scale Barding Armor
18:54 Town Watch
20:48 Fletching
27:55 Iron Casting
29:03 Double-Bit Axe
30:30 Chain Barding Armor
31:03 Bodkin Arrow
37:06 Bow Saw
Connection lost

Rejoining the realm…

Still unreachable

The connection could not be restored.

Session expired

The server has moved on; the page needs a fresh start.